 Dungeon Crawl Stone Soup version 0.29.1-15-g9cfb28693d (webtiles) character file.

Game seed: 7907710486146560534

35 Heoruswealwe the Conjurer (level 3, 19/19 HPs)
             Began as a Deep Elf Conjurer on Mar 7, 2023.
             Was a Believer of Lugonu.
             Got out of the dungeon alive.
             The game lasted 00:07:34 (761 turns).

Heoruswealwe the Conjurer (Deep Elf Conjurer)        Turns: 761, Time: 00:07:34

Health: 19/19      AC:  3    Str:  4    XL:     3   Next: 17%
Magic:  10/10      EV: 12    Int: 24    God:    Lugonu [**....]
Gold:   49         SH:  0    Dex: 13    Spells: 7/10 levels left

rFire   . . .      SeeInvis .   n - +0 short sword
rCold   . . .      Faith    .   (no shield)
rNeg    . . .      Spirit   .   a - +0 robe
rPois   .          Reflect  .   (no helmet)
rElec   .          Harm     .   (no cloak)
rCorr   .          Rampage  .   c - +0 pair of gloves
Will    .....                   (no boots)
Stlth   ++........              (no amulet)
HPRegen 0.06/turn               (no ring)
MPRegen 0.12/turn               (no ring)

@: mighty
A: no striking features
a: Renounce Religion, Depart the Abyss, Bend Space


You escaped.
You worshipped Lugonu.
Lugonu was pleased with you.
You visited 1 branch of the dungeon, and saw 1 of its levels.

You collected 49 gold pieces.

Inventory:

Hand Weapons
 n - a +0 short sword (weapon)
Armour
 a - a +0 robe (worn)
 c - a +0 pair of gloves (worn)
 d - a +0 robe
Magical Staves
 j - a staff of poison
Scrolls
 e - a scroll of noise
 l - a scroll of vulnerability
 m - a scroll of teleportation
Potions
 b - a potion of magic
 f - a potion of flight
 k - a potion of might


   Skills:
 - Level 2.4 Dodging
 - Level 2.4 Stealth
 + Level 4.1 Spellcasting
 + Level 5.0 Conjurations


You had 7 spell levels left.
You knew the following spells:

 Your Spells              Type           Power      Damage    Failure   Level
a - Magic Dart            Conj           100%       1d8       1%          1
b - Searing Ray           Conj           58%        2d6       1%          2

Your spell library contained the following spells:

 Spells                   Type           Power      Damage    Failure   Level
 Dazzling Flash           Conj/Hex       34%        N/A       11%         3
 Fulminant Prism          Conj/Hex       8%         3d7       34%         4
 Iskenderun's Mystic Bla  Conj/Tloc      17%        2d5       34%         4


Dungeon Overview and Level Annotations

Branches:
Dungeon (1/15)

Altars:
Lugonu


Message History

You see here a +0 leather armour.
Found a clear potion.
k - 2 clear potions (gained 1)
You see here a +0 leather armour.
Press: ? - help, . - travel You can't see that place. [the floor.]
Found 7 gold pieces.
You now have 49 gold pieces (gained 7).
Done exploring.
Done exploring.
As you read the scroll labelled BER LALOCWE, it crumbles to dust.
You hear a loud clanging noise!
It was a scroll of noise.
As you read the scroll labelled PUACVE QIOXTUFF, it crumbles to dust.
It is a scroll of identify.
l - a scroll of vulnerability
As you read the scroll of identify, it crumbles to dust.
m - a scroll of teleportation
Okay, then.
It was a potion of flight.
You feel very buoyant.
You fly up into the air.
It was a potion of ambrosia.
You are confused.
You feel invigorated.
You start waiting.
You feel less invigorated.
You feel less confused.
It was a potion of curing.
You feel better.
It was a potion of might.
You feel very mighty all of a sudden.
Press: ? - help, . - travel You can't see that place. [a staircase leading out of the dungeon.]
You are starting to lose your buoyancy.
You float gracefully downwards.
There is a staircase leading out of the dungeon here.
Are you sure you want to leave the Dungeon?
This will make you lose the game!
You have escaped!

.# ######....#########........
.######.#..##.###.#...#.#.######.
.......###.#..#...#.#...#.# #.
..#####.#..#.##.###.#####.# #.
.## ###.##.#....#....#..# #.
####### #......#..#.##....# #.
......##########..#..###..# #.
####...##..#...#.###...#.## #.
.....#..##.#....@....#.#########.
####.....#...###.#...#..#.....##.
# ##.##.###..#..############.##.
# #.#....##.#..#......# #.##. #
#....#....#....#.##.# #.##. #
#.#######.###.##.#..# #.##. # #.#
#...#.#...#..#.######.##. # #.#
#.#...#.###.##..#......#. # #.#
##########.[.####.###..#.


There were no monsters in sight!

Vanquished Creatures
  A ball python (D:1)
  3 endoplasms (D:1)
  A giant cockroach (D:1)
  2 goblins (D:1)
  6 hobgoblins (D:1)
  6 jackals (D:1)
  A quokka (D:1)
  2 bats (D:1)
  2 frilled lizards (D:1)
  3 kobolds (D:1)
  3 rats (D:1)
30 creatures vanquished.

Notes
Turn   | Place    | Note
-------+----------+-------------------------------------------
     0 | D:1      | Heoruswealwe the Deep Elf Conjurer began the quest for the
                  | Orb.
     0 | D:1      | Reached XP level 1. HP: 10/10 MP: 6/6
   155 | D:1      | Reached XP level 2. HP: 12/15 MP: 5/8
   161 | D:1      | Learned a level 2 spell: Searing Ray
   286 | D:1      | Found a faded altar of an unknown god.
   348 | D:1      | Prayed at the altar of an unknown god.
   348 | D:1      | Became a worshipper of Lugonu the Unformed
   348 | D:1      | Reached * piety under Lugonu
   348 | D:1      | Reached ** piety under Lugonu
   481 | D:1      | Reached skill level 5 in Conjurations
   481 | D:1      | Reached XP level 3. HP: 16/19 MP: 2/10
   761 | D:$      | Got out of the dungeon alive.

Illustrated notes

Levels and vault maps discovered:
D:1:      psy_arrival_radial01, layout_loops_ring, basic_ecumenical_altar,
          minmay_tromino_v4_c

Skill      XL: |  1  2 |
---------------+-------+-----
Spellcasting   | 4 |  4.1
Conjurations   | 5 |  5.0
Dodging        | |  2.4
Stealth        | |  2.4

Action                   || total
-------------------------++-------
Melee: Dagger            ||     1
 Cast: Magic Dart        ||    53
  Use: Potion            ||     4
       Scroll            ||     3
Armor: Robe              ||     4
Dodge: Dodged            ||     9
